[Event "Team 45 45 League T51"]
[Site "Internet Chess Club"]
[Date "2011.12.01"]
[Round "4"]
[White "ScotchYeti"]
[Black "rubo"]
[Result "1-0"]
[WhiteElo "1710"]
[BlackElo "1688"]
[Opening "Latvian: Fraser defense"]
[ECO "C40"]
[Time "13:02:29"]
[TimeControl "2700+45"]

1. e4 e5 2. Nf3 f5 3. Nxe5 Nc6 4. Qh5+ g6 5. Nxg6 Nf6 6. Qh4 Rg8 7. Nxf8 Rg4 8.
Qh3 Rxe4+ 9. Be2 Nd4 10. Nc3 Rxe2+ 11. Nxe2 Qe7 12. Qd3 c5 13. c3 Nxe2 14. Qxe2
Kxf8 15. Qxe7+ Kxe7 16. O-O d5 17. d3 Bd7 18. Re1+ Kf7 19. Be3 b6 20. f3 Rg8 21.
d4 c4 22. Bf4 h5 23. Re2 Re8 24. Rxe8 Bxe8 25. Re1 Nd7 26. Bd6 Nf6 27. Re7+ Kg6
28. Rxa7 b5 29. Ra6 Kf7 30. Rb6 Bd7 31. Be5 Ng8 32. Kf2 h4 33. Ke3 Ne7 34. Rf6+
Kg8 35. Rh6 Kf7 36. Rxh4 Ke6 37. Rh6+ Kf7 38. Rf6+ Ke8 39. Bd6 Bc8 40. Bxe7 Kxe7
41. Rb6 Bd7 42. Kf4 Kf7 43. Rb7 Ke6 44. Rxd7 {Black resigns} 1-0

[Event "Team 45 45 League T51"]
[Site "Internet Chess Club"]
[Date "2011.12.04"]
[Round "4"]
[White "g8wrb"]
[Black "cepheid"]
[Result "0-1"]
[WhiteElo "1422"]
[BlackElo "1559"]
[Opening "Sicilian: Alapin's variation (2.c3)"]
[ECO "B22"]
[Time "14:32:41"]
[TimeControl "2700+45"]

1. e4 c5 2. c3 d5 3. exd5 Qxd5 4. d4 Nf6 5. Nf3 Bg4 6. Nbd2 Nc6 7. Bc4 Bxf3 8.
Qb3 Na5 9. Qa4+ Qd7 10. Qxa5 Bxg2 11. Qxc5 Bxh1 12. Nf3 {White resigns} 0-1

[Event "Team 45 45 League T51"]
[Site "Internet Chess Club"]
[Date "2011.12.03"]
[Round "4"]
[White "Gilguli"]
[Black "AtomicDog"]
[Result "1-0"]
[WhiteElo "1402"]
[BlackElo "1332"]
[Opening "Sicilian defense"]
[ECO "B20"]
[Time "11:08:22"]
[TimeControl "2700+45"]

1. e4 c5 2. a3 d6 3. b4 Nc6 4. bxc5 dxc5 5. Nf3 Bg4 6. Nc3 g6 7. Rb1 b6 8. Bb5
Qc7 9. Nd5 Qd6 10. d3 e6 11. Bf4 e5 12. Bxc6+ Qxc6 13. Bxe5 f6 14. Bg3 Bd6 15.
Bxd6 Qxd6 16. h3 Be6 17. Ne3 Ne7 18. O-O O-O 19. Nd2 Nc6 20. Ndc4 Qc7 21. Nd5
Bxd5 22. exd5 Nd4 23. c3 Nf5 24. Qf3 Rad8 25. Nd2 Qe5 26. c4 Nd4 27. Qg4 Rfe8
28. Nf3 Nxf3+ 29. Qxf3 Rd6 30. Qd1 Qd4 31. Qd2 Kf7 32. Rfe1 Rxe1+ 33. Rxe1 Kf8
34. Qh6+ {Black resigns} 1-0

[Event "Team 45 45 League T51"]
[Site "Internet Chess Club"]
[Date "2011.12.04"]
[Round "4"]
[White "Kingofknights"]
[Black "Ayensa80"]
[Result "1-0"]
[WhiteElo "1708"]
[BlackElo "1664"]
[Opening "QGD Slav: exchange variation"]
[ECO "D13"]
[Time "15:01:18"]
[TimeControl "2700+45"]

1. d4 d5 2. c4 c6 3. Nf3 Nf6 4. cxd5 cxd5 5. Nc3 Nc6 6. a3 Bf5 7. Bf4 Qb6 8. Na4
Qa5+ 9. Bd2 Qc7 10. Rc1 Nd7 11. b4 b5 12. Nc5 Nxc5 13. dxc5 e5 14. e3 Be7 15.
Bxb5 f6 16. Nh4 Be6 17. Bc3 O-O 18. O-O e4 19. g3 Ne5 20. Bxe5 fxe5 21. Ng2 Rad8
22. Qc2 Bf5 23. Qb3 Kh8 24. f3 exf3 25. Rxf3 Be4 26. Rxf8+ Rxf8 27. Rf1 Rxf1+
28. Kxf1 Qc8 29. Kg1 Bg5 30. Be2 Qh3 31. Bf1 Qh6 32. Qc3 Qf6 33. b5 d4 34. exd4
exd4 35. Qc4 Bxg2 36. Bxg2 Be3+ 37. Kh1 Qf2 38. Qf1 Qxf1+ 39. Bxf1 d3 40. c6 Bb6
41. Bxd3 Kg8 42. Kg2 h6 43. Kf3 Kf7 44. Ke4 Ke6 45. g4 Bc7 46. h4 Bd8 47. h5 Kd6
48. a4 Ke6 49. Bc4+ Kd6 50. Kf5 Bf6 51. Be2 Kc7 52. Ke6 Bc3 53. Kf7 Bf6 54. Bf3
Bc3 55. Be4 Bd4 56. a5 Bc3 57. b6+ axb6 58. a6 Kb8 59. c7+ {Black resigns} 1-0

[Event "Team 45 45 League T51"]
[Site "Internet Chess Club"]
[Date "2011.12.04"]
[Round "4"]
[White "powerchess1"]
[Black "KnightOfCydonia"]
[Result "1/2-1/2"]
[WhiteElo "1663"]
[BlackElo "1672"]
[Opening "Queen's pawn, Mason variation"]
[ECO "D00"]
[Time "18:00:09"]
[TimeControl "2700+45"]

1. d4 d5 2. Bf4 Nf6 3. c3 Nc6 4. e3 e6 5. Bd3 Bd6 6. Bg5 h6 7. Bh4 e5 8. dxe5
Nxe5 9. Bc2 Be6 10. Nf3 Nxf3+ 11. gxf3 g5 12. Bg3 h5 13. Ba4+ Ke7 14. Nd2 h4 15.
Bxd6+ Qxd6 16. Bc2 g4 17. Qe2 g3 18. hxg3 hxg3 19. Rxh8 g2 20. Rxa8 g1=Q+ 21.
Nf1 Qb6 22. O-O-O Qg7 23. Ng3 Qa5 24. Kb1 Nd7 25. Nf5+ Bxf5 26. Bxf5 Nb6 27. Rb8
Na4 28. Rxb7 Nxc3+ 29. bxc3 Qaxc3 30. Rb2 Qge5 31. e4 d4 32. Qd2 Qcc5 33. Qg5+
Qf6 34. Qd2 a5 35. Rc1 Qa7 36. Qc2 Qd6 37. Qa4 c5 38. Qb5 d3 39. Rd1 Qaa6 40.
Qb7+ Kf6 41. e5+ Kxe5 42. Qe4+ Kf6 43. Rxd3 Qe5 44. Qxe5+ Kxe5 45. Be4 a4 46.
Rd5+ Ke6 47. Rbd2 Qf1+ 48. Kb2 Qb5+ 49. Ka1 Qf1+ 50. Rd1 Qxf2 51. Rd6+ Ke5 52.
R1d5+ Kf4 53. Rf6+ Ke3 54. Rd3+ Ke2 55. Rfd6 Qe1+ 56. Kb2 Qb4+ 57. Kc2 Qc4+ 58.
Kb1 Qb4+ 59. Kc2 {Game drawn by mutual agreement} 1/2-1/2

[Event "Team 45 45 League T51 u"]
[Site "Internet Chess Club"]
[Date "2011.12.03"]
[Round "4"]
[White "j4ucgantp"]
[Black "Neoman"]
[Result "0-1"]
[WhiteElo "1508"]
[BlackElo "1631"]
[Opening "Queen's pawn game"]
[ECO "D02"]
[Time "15:00:26"]
[TimeControl "2700+45"]

1. d4 d5 2. Nf3 e6 3. c4 Be7 4. Nc3 Nf6 5. Bg5 h6 6. Bxf6 Bxf6 7. e3 O-O 8. cxd5
exd5 9. Bd3 c6 10. O-O Be6 11. Qc2 Qd7 12. Rae1 Na6 13. a3 Nc7 14. e4 dxe4 15.
Bxe4 Rad8 16. Rd1 Qe7 17. Rfe1 a5 18. d5 Bxc3 19. Qxc3 cxd5 20. Bf5 b6 21. Bxe6
fxe6 22. Ne5 Qc5 23. Rc1 Qxf2+ 24. Kh1 Rc8 25. Ng4 Qf4 26. Qe5 Qxe5 27. Nxe5 Nb5
28. Nd7 Rxc1 29. Rxc1 Rd8 30. Nxb6 Kf7 31. Kg1 Nd4 32. Kf2 Rb8 33. Na4 e5 34.
Rc5 Rb5 35. Rxb5 Nxb5 36. b4 axb4 37. axb4 Ke6 38. Ke3 e4 39. Nc5+ Ke5 40. Nd7+
Kf5 41. Nc5 d4+ 42. Ke2 Ke5 43. Nd7+ Kd5 44. Nb6+ Kc6 45. Nc4 Nc7 46. Nd2 Kd5
47. g4 g5 48. h3 e3 49. Nf3 Ke4 50. Ne1 Nb5 51. Kd1 d3 52. Ng2 Nc3+ {White
resigns} 0-1

[Event "Team 45 45 League T51"]
[Site "Internet Chess Club"]
[Date "2011.12.02"]
[Round "4"]
[White "julesraider"]
[Black "moto"]
[Result "1-0"]
[WhiteElo "1551"]
[BlackElo "1367"]
[Opening "QGD: exchange, positional line"]
[ECO "D35"]
[Time "18:00:51"]
[TimeControl "2700+45"]

1. d4 d5 2. c4 Nf6 3. Nc3 e6 4. cxd5 exd5 5. Bg5 Nc6 6. e3 Be6 7. a3 h6 8. Bf4
Bd6 9. Bg3 Bxg3 10. hxg3 O-O 11. Bd3 Ne7 12. Qc2 b6 13. b4 c5 14. bxc5 bxc5 15.
dxc5 d4 16. exd4 Qxd4 17. Nf3 Qxc5 18. O-O Rac8 19. Rfc1 Rfd8 20. Qe2 Nfd5 21.
Na2 Qxa3 22. Bc4 Qd6 23. Rd1 Qb6 24. Ba6 Rb8 25. Nd4 Nb4 26. Nxb4 Rxd4 27. Rxd4
Qxd4 28. Nc2 Qc3 29. Bd3 a5 30. Ra3 Rb1+ 31. Kh2 Rb3 32. Rxb3 Bxb3 33. Qe4 f5
34. Qe2 Bxc2 35. Bxc2 Qb4 36. Qe6+ Kh8 37. Bb3 Kh7 38. g4 Qe4 39. Qa6 Qe5+ 40.
g3 Qb2 41. Qb6 a4 42. Bg8+ Nxg8 43. Qxb2 {Black resigns} 1-0

[Event "Team 45 45 League T51"]
[Site "Internet Chess Club"]
[Date "2011.12.04"]
[Round "4"]
[White "kidviper"]
[Black "rahulr"]
[Result "1-0"]
[WhiteElo "1973"]
[BlackElo "1607"]
[Opening "Benoni: classical with e4 and Nf3"]
[ECO "A70"]
[Time "14:32:04"]
[TimeControl "2700+45"]

1. d4 Nf6 2. c4 c5 3. d5 e6 4. Nc3 exd5 5. cxd5 d6 6. e4 g6 7. Nf3 Bg7 8. Bd3
O-O 9. O-O Re8 10. Re1 Bg4 11. Bf4 Nh5 12. Qd2 Bxf3 13. gxf3 Nxf4 14. Qxf4 Be5
15. Qg4 h5 16. Qg2 Bf4 17. Ne2 Re5 18. Kh1 Rg5 19. Qh3 Qf6 20. Rg1 Rxg1+ 21.
Rxg1 Be5 22. f4 Bxf4 23. Qc8+ Kg7 24. Qxb7 Bxh2 25. Rg2 Qf3 26. Kxh2 Qxd3 27.
Nf4 Qxe4 28. Rxg6+ Kf8 29. Qc8+ Qe8 30. Rg8+ {Black resigns} 1-0

[Event "Team 45 45 League T51"]
[Site "Internet Chess Club"]
[Date "2011.12.05"]
[Round "4"]
[White "Zugzwanged"]
[Black "RD1974"]
[Result "1-0"]
[WhiteElo "1685"]
[BlackElo "1668"]
[Opening "Scandinavian: Pytel-Wade variation"]
[ECO "B01"]
[Time "19:05:11"]
[TimeControl "2700+45"]

1. e4 d5 2. exd5 Qxd5 3. Nc3 Qd6 4. d4 Nf6 5. Nf3 c6 6. Be2 Bf5 7. O-O e6 8. Nh4
Bg6 9. Nxg6 hxg6 10. g3 Nbd7 11. Re1 Nb6 12. Bf1 O-O-O 13. Ne2 Ng4 14. h3 Nh6
15. Bf4 Qd7 16. c3 Nf5 17. b4 Bd6 18. Qb3 Nd5 19. Bxd6 Qxd6 20. b5 c5 21. Bg2
Nde3 22. fxe3 Nxg3 23. dxc5 Nxe2+ 24. Rxe2 Qg3 25. Kf1 Rh5 26. Qa4 Rf5+ 27. Kg1
Kb8 28. Qg4 Qe5 29. Rc1 Qxc5 30. c4 g5 31. Qe4 Rd7 32. Rd2 Re5 33. Qc2 Qxe3+ 34.
Rf2 Rf5 35. Rf1 Rd4 36. Qe2 Qxe2 37. Rxe2 Rxf1+ 38. Bxf1 Rxc4 39. Rd2 Rc7 40.
Rd8+ Rc8 41. Rd7 Rc7 42. Rd8+ Rc8 43. Rd4 b6 44. a4 Rc7 45. Kf2 Re7 46. Bg2 Kc7
47. Bc6 e5 48. Rd5 f6 49. Kf3 g6 50. Ke3 f5 51. Rd2 Rh7 52. Rh2 Rh4 53. Be8 Rxa4
54. Rg2 Ra3+ 55. Kf2 Rxh3 56. Rxg5 e4 57. Bxg6 Rf3+ 58. Ke2 f4 59. Re5 Re3+ 60.
Kf2 Rf3+ 61. Ke2 Re3+ 62. Kd2 Rd3+ 63. Kc2 Kd6 64. Rxe4 Rf3 65. Kd2 Rb3 66. Be8
f3 67. Ke1 Rb2 68. Re3 Re2+ 69. Rxe2 fxe2 70. Kxe2 Kc5 71. Kd3 Kd5 72. Bf7+ Ke5
73. Bc4 Kd6 74. Kd4 Ke7 75. Ke5 Kd7 76. Kd5 Kc7 77. Ke6 Kc8 78. Kd6 Kb7 79. Kd7
Kb8 80. Kd8 Kb7 81. Kd7 Kb8 82. Bd5 a5 83. Kc6 Ka7 84. Bb3 Ka8 85. Kxb6 a4 86.
Bxa4 Kb8 87. Bd1 Ka8 88. Kc7 Ka7 89. b6+ Ka6 90. b7 {Black resigns} 1-0

[Event "Team 45 45 League T51"]
[Site "Internet Chess Club"]
[Date "2011.12.03"]
[Round "4"]
[White "kidcobra"]
[Black "Euclid"]
[Result "0-1"]
[WhiteElo "1582"]
[BlackElo "1681"]
[Opening "Sicilian: Najdorf, Lipnitzky attack"]
[ECO "B86"]
[Time "16:01:38"]
[TimeControl "2700+45"]

1. e4 c5 2. Nf3 d6 3. d4 cxd4 4. Nxd4 Nf6 5. Nc3 a6 6. Bc4 e6 7. O-O b5 8. Bd3
Be7 9. f4 b4 10. Nce2 O-O 11. Kh1 Bb7 12. Ng3 Nbd7 13. Nb3 a5 14. Be3 a4 15. Nd2
Qc7 16. f5 e5 17. Nh5 d5 18. exd5 Bxd5 19. Ng3 Qc6 20. Rg1 Rfc8 21. b3 e4 22.
Bc4 Ne5 23. Bd4 Nxc4 24. bxc4 Bxc4 25. Bxf6 Bxf6 26. Rb1 Rab8 27. Ndxe4 Bxa2 28.
Nxf6+ Qxf6 29. Ra1 b3 30. cxb3 axb3 31. Qd3 Qc3 32. Qe4 b2 33. Rae1 b1=Q 34.
Rxb1 Rxb1 35. Ne2 Rxg1+ 36. Kxg1 Qe1# {White checkmated} 0-1

[Event "Team 45 45 League T51"]
[Site "Internet Chess Club"]
[Date "2011.12.03"]
[Round "4"]
[White "Slipanov"]
[Black "chicopee-ed"]
[Result "0-1"]
[WhiteElo "1308"]
[BlackElo "1398"]
[Opening "Nimzo-Indian defense"]
[ECO "E20"]
[Time "12:02:06"]
[TimeControl "2700+45"]

1. d4 Nf6 2. c4 e6 3. Nc3 Bb4 4. Bd2 O-O 5. Nf3 b6 6. e3 Bb7 7. Bd3 d5 8. O-O
dxc4 9. Bxc4 Nbd7 10. a3 Be7 11. h3 c5 12. dxc5 Nxc5 13. b4 Nce4 14. Nxe4 Bxe4
15. Be2 Bd3 16. Rc1 Bxe2 17. Qxe2 Rc8 18. Rfd1 Rxc1 19. Bxc1 Qc7 20. Bb2 Rd8 21.
Rc1 Qd7 22. Qc4 Qb7 23. Qc7 Rd1+ 24. Kh2 Bd6+ 25. Be5 Qxc7 26. Rxc7 Bxc7 27.
Bxc7 Ra1 28. Ne5 Rxa3 29. Bd8 a5 30. Nc6 Rb3 31. bxa5 bxa5 32. Bxa5 Rb2 33. Kg3
Ne4+ 34. Kf3 Nxf2 35. Ne7+ Kh8 36. Be1 Nd1 37. Bg3 Rb3 38. Bf4 Rc3 39. g4 Nxe3
40. Bxe3 Rc7 41. Bg5 f6 42. Ng6+ hxg6 43. Bf4 e5 44. Bg3 Rc3+ 45. Kg2 Rxg3+ 46.
Kxg3 f5 47. g5 e4 48. Kf4 Kg8 49. h4 Kf7 50. Kg3 Ke6 51. Kf4 Kd5 52. Ke3 Ke5 53.
Kf2 Kf4 54. Kg2 Kg4 55. Kf2 Kxh4 56. Ke3 Kxg5 57. Kf2 f4 58. Kg2 Kh4 59. Kf2 g5
60. Kg2 Kg4 61. Kf2 e3+ 62. Ke2 Kg3 63. Kf1 f3 64. Kg1 e2 {White resigns} 0-1

[Event "Team 45 45 League T51"]
[Site "Internet Chess Club"]
[Date "2011.12.04"]
[Round "4"]
[White "Giacometti"]
[Black "katikus"]
[Result "0-1"]
[WhiteElo "1623"]
[BlackElo "1803"]
[Opening "Bird's opening"]
[ECO "A03"]
[Time "10:00:27"]
[TimeControl "2700+45"]

1. f4 d5 2. Nf3 Nf6 3. g3 g6 4. Bg2 Bg7 5. O-O O-O 6. d3 b6 7. c3 Bb7 8. Qc2
Nbd7 9. Nbd2 c5 10. e4 dxe4 11. Nxe4 Qc7 12. Nxf6+ Nxf6 13. d4 cxd4 14. Nxd4
Rad8 15. Bxb7 Qxb7 16. f5 Rfe8 17. fxg6 hxg6 18. Bg5 Ne4 19. Be3 e6 20. Rae1 Rd7
21. Rf4 Ng5 22. Rh4 Bxd4 23. Bxd4 Nf3+ 24. Kf2 Nxh4 25. gxh4 Rd5 26. Re5 Red8
27. Qe4 Qe7 28. h5 Rxe5 29. Bxe5 Qg5 30. hxg6 fxg6 31. Bc7 Qc5+ 32. Ke1 Qxc7 33.
Qxg6+ Kf8 {White resigns} 0-1

[Event "Team 45 45 League T51"]
[Site "Internet Chess Club"]
[Date "2011.12.04"]
[Round "4"]
[White "AVEMARIA"]
[Black "nursey"]
[Result "1-0"]
[WhiteElo "1650"]
[BlackElo "1543"]
[Opening "French: Tarrasch, closed variation"]
[ECO "C05"]
[Time "14:16:37"]
[TimeControl "2700+45"]

1. e4 e6 2. d4 d5 3. Nd2 Nf6 4. Bd3 dxe4 5. Nxe4 Nxe4 6. Bxe4 Qh4 7. Qe2 Bd6 8.
Nf3 Qg4 9. O-O O-O 10. Re1 h6 11. Qb5 c6 12. Qb3 b5 13. a4 bxa4 14. Rxa4 Rd8 15.
d5 f5 16. dxe6 Re8 17. Bxc6 Nxc6 18. Rxg4 fxg4 19. e7+ Kh8 20. Qf7 Rxe7 21. Rxe7
Nxe7 22. Nh4 Rb8 23. Bxh6 gxh6 24. Qf6+ Kg8 25. Qxd6 Rxb2 26. f4 Kf7 27. Qxh6
Bd7 28. Qh7+ Ke6 29. f5+ Kd6 30. f6 Nd5 31. f7 Rb8 32. Nf5+ Ke5 33. Qg7+ Kxf5
34. f8=Q+ Rxf8 35. Qxf8+ Ke4 36. Qa8 Ba4 37. c4 {Black resigns} 1-0

[Event "Team 45 45 League T51"]
[Site "Internet Chess Club"]
[Date "2011.12.04"]
[Round "4"]
[White "Kristian1974"]
[Black "Warpdrive"]
[Result "0-1"]
[WhiteElo "1566"]
[BlackElo "1620"]
[Opening "King's Indian: East Indian defense"]
[ECO "A48"]
[Time "15:00:19"]
[TimeControl "2700+45"]

1. d4 Nf6 2. Nf3 g6 3. Nc3 Bg7 4. Bf4 d6 5. Qd2 h6 6. e4 e6 7. O-O-O g5 8. Nxg5
hxg5 9. Bxg5 a6 10. Bd3 Nc6 11. d5 Ne7 12. dxe6 Bxe6 13. h4 Qd7 14. Qe2 Qc6 15.
e5 dxe5 16. Qxe5 Nh5 17. Qa5 Bxc3 18. Qxc3 Qxc3 19. bxc3 Rd8 20. Rhe1 Rd7 21.
Re3 Kd8 22. c4 Kc8 23. f3 Nf5 24. Bxf5 Rxd1+ 25. Kxd1 Bxf5 26. g4 f6 27. gxh5
fxg5 28. hxg5 Rxh5 29. f4 Rh1+ 30. Kd2 Rh2+ 31. Re2 Rxe2+ 32. Kxe2 Bxc2 33. Ke3
Kd7 34. Kd4 Ke6 35. Ke3 c5 36. Kd2 Bb1 37. a3 Kf5 38. Ke3 Be4 39. g6 Kxg6 40.
Kxe4 b5 41. Kd5 b4 42. axb4 cxb4 43. Kd4 a5 44. Kd3 b3 45. Kc3 a4 46. Kb2 Kf6
47. c5 Ke6 48. c6 Kd6 49. f5 Kxc6 50. f6 Kd7 51. f7 Ke7 52. f8=N Kxf8 53. Ka3
Ke7 54. Kb2 Kd6 55. Ka3 Kc5 56. Kb2 Kc4 57. Ka1 Kc3 58. Kb1 a3 59. Ka1 b2+ 60.
Kb1 a2+ 61. Kxa2 Kc2 {White resigns} 0-1

[Event "Team 45 45 League T51"]
[Site "Internet Chess Club"]
[Date "2011.12.03"]
[Round "4"]
[White "Zumbi"]
[Black "King-Ghost"]
[Result "1/2-1/2"]
[WhiteElo "2149"]
[BlackElo "2119"]
[Opening "Scandinavian (center counter) defense"]
[ECO "B01"]
[Time "22:12:41"]
[TimeControl "2700+45"]

1. e4 d5 2. exd5 Qxd5 3. Nf3 Bg4 4. Be2 Nc6 5. d4 O-O-O 6. Be3 e5 7. c4 Qa5+ 8.
Bd2 Qa6 9. d5 Bxf3 10. Bxf3 Nd4 11. b3 f5 12. O-O e4 13. Bh5 Nf6 14. Nc3 {Game
drawn by mutual agreement} 1/2-1/2

[Event "Team 45 45 League T51"]
[Site "Internet Chess Club"]
[Date "2011.12.03"]
[Round "4"]
[White "LittleWarrior"]
[Black "Tobiasdelmonte"]
[Result "1-0"]
[WhiteElo "1942"]
[BlackElo "1783"]
[Opening "King's Indian: orthodox, Aronin-Taimanov, bayonet attack"]
[ECO "E97"]
[Time "22:00:25"]
[TimeControl "2700+45"]

1. Nf3 Nf6 2. c4 g6 3. Nc3 Bg7 4. e4 d6 5. d4 O-O 6. Be2 e5 7. O-O Nc6 8. d5 Ne7
9. b4 a5 10. Ba3 b6 11. bxa5 Nh5 12. Re1 f5 13. Nd2 Nf4 14. Bf1 fxe4 15. Ndxe4
Rxa5 16. Bb4 Ra8 17. a4 Nf5 18. g3 Nh5 19. a5 Nd4 20. axb6 Rxa1 21. Qxa1 cxb6
22. Rb1 Nf4 23. Bxd6 Nf3+ 24. Kh1 Rf5 25. Bg2 Nxg2 26. Kxg2 Rf7 27. Qa4 Bd7 28.
Qa6 Bc8 29. Qb5 Nd4 30. Qxb6 Qd7 31. Kh1 h6 32. Qb8 Kh7 33. Bxe5 Nf3 34. Bxg7
Kxg7 35. c5 Qh3 36. g4 Bxg4 37. Qg3 Qh5 38. c6 Nd4 39. c7 Rf3 40. c8=Q Bxc8 41.
Qc7+ Rf7 42. Qxc8 Qf3+ 43. Kg1 Nf5 44. Rb8 Qg4+ 45. Ng3 Kf6 46. Ne4+ Ke5 47.
Qc3+ Kf4 48. Qd2+ Ke5 49. Re8+ Ne7 50. Qb2+ Kf4 51. Qb8+ {Black resigns} 1-0

[Event "Team 45 45 League T51"]
[Site "Internet Chess Club"]
[Date "2011.12.02"]
[Round "4"]
[White "JustinL"]
[Black "viking99"]
[Result "1-0"]
[WhiteElo "1736"]
[BlackElo "1822"]
[Opening "French: exchange variation"]
[ECO "C01"]
[Time "19:04:04"]
[TimeControl "2700+45"]

1. e4 e6 2. d4 d5 3. exd5 exd5 4. Nf3 Nf6 5. Bg5 Be7 6. Bd3 Nc6 7. c3 Bg4 8.
Nbd2 O-O 9. O-O h6 10. Bh4 Re8 11. h3 Be6 12. Ne5 Nxe5 13. dxe5 Nd7 14. Bxe7
Qxe7 15. f4 Nc5 16. Bc2 Bd7 17. Nf3 Ne4 18. Qxd5 Bc6 19. Qd3 Rad8 20. Qe3 f5 21.
Rad1 g6 22. Qxa7 b6 23. Bb3+ Kg7 24. Qa3 Nc5 25. Nd4 Be4 26. Ne6+ Nxe6 27. Qxe7+
Rxe7 28. Bxe6 Rxd1 29. Rxd1 Rxe6 30. Rd7+ Kf8 31. Rxc7 g5 32. Rc8+ Kf7 33. Rc7+
Kg6 34. g3 gxf4 35. gxf4 Kh5 36. Rg7 Re8 37. Kf2 Rd8 38. Ke2 Kh4 39. Rg6 b5 40.
Rxh6+ Kg3 41. Rd6 Rh8 42. Ke3 Rxh3 43. e6 Kg4+ 44. Kd4 Kxf4 45. e7 Bc6 46. Rxc6
Re3 47. Rc7 Re4+ 48. Kd5 Ke3 49. Kd6 f4 50. Rc8 f3 51. e8=Q f2 52. Qxb5 {Black
resigns} 1-0

[Event "Team 45 45 League T51"]
[Site "Internet Chess Club"]
[Date "2011.12.06"]
[Round "4"]
[White "Salvatore"]
[Black "Goli"]
[Result "0-1"]
[WhiteElo "1528"]
[BlackElo "1858"]
[Opening "Pirc: Austrian attack, 6.Bd3"]
[ECO "B06"]
[Time "17:30:37"]
[TimeControl "2700+45"]

1. e4 g6 2. d4 Bg7 3. Nc3 d6 4. f4 Nf6 5. Nf3 O-O 6. Bd3 c5 7. dxc5 dxc5 8. e5
Nd5 9. Nxd5 Qxd5 10. Qe2 Qd8 11. O-O Nc6 12. c3 a6 13. Be3 b6 14. Be4 Bb7 15.
Rfd1 Qc7 16. Qc2 Rad8 17. Rac1 Bh6 18. b4 c4 19. Qf2 Rxd1+ 20. Rxd1 b5 21. Qh4
Bg7 22. Bc5 Re8 23. Ng5 h6 24. Nf3 Nxb4 25. Bxb7 Qxc5+ 26. Qf2 Qxf2+ 27. Kxf2
Nxa2 28. Bxa6 Nxc3 29. Rd7 Ra8 30. Bb7 Ra7 31. Rd8+ Bf8 32. Ba8 b4 33. Ke3 b3
34. Rb8 b2 35. Nd2 b1=Q 36. Nxb1 Nxb1 37. Bf3 Na3 38. Rc8 e6 39. h4 Kg7 40. Be4
Bb4 41. g4 Rd7 42. f5 exf5 43. gxf5 gxf5 44. Bxf5 Re7 45. Kd4 Be1 46. h5 c3 47.
Kd5 Nb5 48. e6 fxe6+ 49. Bxe6 Nc7+ 50. Kd6 Rxe6+ 51. Kxc7 Re5 52. Kd6 Rxh5 53.
Rc7+ Kg6 54. Ke6 Rh2 55. Kd5 c2 56. Ke4 Bh4 57. Kd3 Bg5 58. Rxc2 Rxc2 59. Kxc2
Kh5 60. Kd1 Kh4 61. Ke1 Kh3 62. Kf1 Be3 63. Ke2 Bb6 64. Kf3 h5 65. Kf4 h4 66.
Kf3 Bc5 67. Kf4 Kg2 {White resigns} 0-1

[Event "Team 45 45 League T51"]
[Site "Internet Chess Club"]
[Date "2011.12.05"]
[Round "4"]
[White "playwaycool"]
[Black "Catalog"]
[Result "0-1"]
[WhiteElo "2131"]
[BlackElo "2130"]
[Opening "Trompowsky attack (Ruth, Opocenský opening)"]
[ECO "A45"]
[Time "21:02:26"]
[TimeControl "2700+45"]

1. d4 Nf6 2. Bg5 e6 3. e4 h6 4. Bxf6 Qxf6 5. c3 d5 6. e5 Qd8 7. Nf3 c5 8. dxc5
Bxc5 9. Bd3 Qb6 10. Qe2 Nc6 11. O-O Bd7 12. b4 Be7 13. a4 a6 14. a5 Qc7 15. Nbd2
Na7 16. Rac1 O-O 17. Nd4 Nc6 18. Nxc6 Bxc6 19. Nb3 Rac8 20. f4 f5 21. Nd4 Bd7
22. g4 g6 23. gxf5 gxf5 24. Kh1 Kh7 25. Rg1 Rg8 26. Qh5 Be8 27. Qh3 Bd7 28. Qh5
Be8 29. Qe2 Bd7 30. Nxf5 exf5 31. e6 Bb5 32. Bxf5+ Kh8 33. Qh5 Qxf4 34. Rce1 Bc6
35. Rg6 Rxg6 36. Bxg6 d4+ 37. Kg1 dxc3 38. Re5 Bh4 39. Qe2 Rg8 {White resigns}
0-1

[Event "Team 45 45 League T51"]
[Site "Internet Chess Club"]
[Date "2011.12.01"]
[Round "4"]
[White "kasperloff"]
[Black "ferrari9182"]
[Result "1-0"]
[WhiteElo "1996"]
[BlackElo "1914"]
[Opening "King's Indian: Sämisch, orthodox variation"]
[ECO "E85"]
[Time "19:00:55"]
[TimeControl "2700+45"]

1. d4 Nf6 2. c4 g6 3. Nc3 Bg7 4. e4 d6 5. f3 O-O 6. Be3 e5 7. Nge2 Nc6 8. d5 Ne7
9. Qd2 Nd7 10. O-O-O f5 11. Kb1 f4 12. Bf2 a6 13. Nc1 Qe8 14. Nd3 b6 15. Be2 Qf7
16. Rc1 Bb7 17. Bd1 Kh8 18. Ka1 Nf6 19. Ba4 Rfb8 20. Nb4 Bh6 21. Nc6 Rf8 22.
Nxe7 Qxe7 23. Rhd1 Rfb8 24. Bc6 Bg7 25. Bxb7 Rxb7 26. Qc2 Rbb8 27. Rb1 Nd7 28.
Ne2 Qf7 29. Nc1 Bf6 30. Nd3 a5 31. Nc1 Bd8 32. Ne2 Qe7 33. Nc3 Kg8 34. Nb5 Nf6
35. g4 Ne8 36. h4 h6 37. Rd3 Qd7 38. Qa4 Be7 39. Nc3 Qd8 40. h5 g5 41. Qc2 Nf6
42. b3 Qd7 43. Nb5 Ne8 44. Kb2 Nf6 45. Rg1 Ne8 46. Kc1 Nf6 47. Kd1 Ne8 48. Ke2
Nf6 49. Rdd1 Ne8 50. Ra1 Nf6 51. a3 Rc8 52. Qd3 Kg7 53. Kd2 Kf7 54. Qe2 Ne8 55.
Rgd1 Nf6 56. Ke1 Kg7 57. Kf1 Bf8 58. b4 c6 59. dxc6 Qxc6 60. Rac1 Ne8 61. Qd3
Be7 62. Qd5 Kf6 63. Qg8 Ng7 64. Qh7 Kf7 65. Qg6+ Kg8 66. Nxd6 Rf8 67. Nf5 {Black
resigns} 1-0

[Event "Team 45 45 League T51"]
[Site "Internet Chess Club"]
[Date "2011.12.03"]
[Round "4"]
[White "McKnights"]
[Black "Philly-Boy"]
[Result "1-0"]
[WhiteElo "1881"]
[BlackElo "1870"]
[Opening "Scandinavian defense"]
[ECO "B01"]
[Time "20:09:07"]
[TimeControl "2700+45"]

1. e4 d5 2. exd5 Nf6 3. d4 Bg4 4. Nf3 Qxd5 5. Be2 Nc6 6. Be3 O-O-O 7. c3 Kb8 8.
O-O h5 9. Nbd2 h4 10. h3 Bf5 11. c4 Qd7 12. d5 Nb4 13. Ne5 Qe8 14. Qb3 e6 15. a3
exd5 16. axb4 Qxe5 17. Nf3 Qd6 18. Bxa7+ Kc8 19. Bc5 Qf4 20. cxd5 Bd6 21. Ra8+
Kd7 22. Bb5+ c6 23. dxc6+ Ke7 24. Re1+ Ne4 25. Bxd6+ Qxd6 26. Rxd8 Rxd8 27. Ng5
Qd5 28. Bc4 Qd4 29. Nxe4 Bxe4 30. Bxf7 Kf8 31. c7 Ra8 32. Qe6 g5 33. Rxe4 {Black
forfeits on time} 1-0

[Event "Team 45 45 League T51"]
[Site "Internet Chess Club"]
[Date "2011.12.03"]
[Round "4"]
[White "amnesia"]
[Black "ice-cream"]
[Result "1-0"]
[WhiteElo "1893"]
[BlackElo "1710"]
[Opening "Queen's pawn: Torre attack"]
[ECO "A46"]
[Time "11:00:34"]
[TimeControl "2700+45"]

1. d4 Nf6 2. Nf3 e6 3. Bg5 Be7 4. e3 O-O 5. c4 c5 6. Nc3 b6 7. Bd3 Bb7 8. Qe2
Nc6 9. Rd1 h6 10. Bh4 d5 11. cxd5 exd5 12. dxc5 bxc5 13. O-O Re8 14. Bxf6 Bxf6
15. Nxd5 Nd4 16. Nxf6+ Qxf6 17. Nxd4 cxd4 18. e4 Qg6 19. f3 Rad8 20. Rc1 f5 21.
e5 Qe6 22. f4 Bd5 23. b3 Kh8 24. Rc5 Qb6 25. Rfc1 Be4 26. h3 Re7 27. Rc8 Rd7 28.
Kh2 Qb7 29. Rxd8+ Rxd8 30. Rc4 Bxd3 31. Qxd3 Qe4 32. Qg3 Qb7 33. Qf2 d3 34. Qd2
Qf7 35. Rc3 Qd5 36. e6 Qxe6 37. Rxd3 Rxd3 38. Qxd3 Kh7 39. a3 g5 40. g4 Kg6 41.
gxf5+ Qxf5 42. Qxf5+ Kxf5 43. fxg5 hxg5 44. Kg3 a6 45. b4 Ke5 46. a4 Kd5 47. b5
axb5 48. axb5 Kc5 49. Kg4 Kxb5 50. Kxg5 Kc6 51. Kg6 Kd7 52. h4 Ke8 53. Kg7 Ke7
54. h5 Ke6 55. h6 Kf5 56. h7 Ke4 57. h8=Q Kd3 58. Qc8 Kd4 59. Qc2 Kd5 60. Qc3
Ke4 61. Kf6 Kd5 62. Kf5 Kd6 63. Qc4 Kd7 64. Qc5 Kd8 65. Qa7 Kc8 66. Ke6 Kd8 67.
Qd7# {Black checkmated} 1-0